Map: Ruins of Seras

Players

LuIsCoBrA

  • Race: Zerg Zerg
  • League: Master

MorN - Winner!

  • Race: Terran Terran
  • League: Master

VOD

Have the link to the VOD?

Description

Time

  • Played on: Nov. 21, 2015, 7:36 p.m.
  • Length: 15:16
Show
View Real Time Build Order
Export as new Build Order

LuIsCoBrA Zerg 

Build Orders: Hatch First 

Get SALT Encoding   

  12  0:01  Drone  
  13  0:09  Drone  
  14  0:14  Extractor  
  14  0:16  Drone  
  14  0:22  Extractor  
  14  0:24  Drone  
  14  0:28  Overlord  
  16  0:50  Drone x2  
  16  0:55  Drone  
  19  1:10  Drone  
  20  1:14  Hatchery  
  20  1:17  Extractor  
  18  1:21  Spawning Pool  
  17  1:26  Drone  
  17  1:29  Drone  
  20  1:40  Drone  
  20  1:49  Overlord  
  20  2:08  Queen  
  20  2:09  Zergling x2  
  20  2:12  Zergling x2  
  24  2:19  Metabolic Boost  
  24  2:24  Drone  
  24  2:27  Queen  
  24  2:28  Overlord  
  27  2:31  Drone  
  28  2:37  Drone  
  28  2:43  Drone  
  30  3:02  Drone x2  
  30  3:03  Drone  
  33  3:06  Drone  
  33  3:09  Drone  
  35  3:18  Drone  
  36  3:20  Roach Warren  
  36  3:23  Zergling x2  
  36  3:26  Drone, Queen  
  39  3:27  Queen  
  39  3:33  Drone x3  
  44  3:36  Overlord  
  43  3:51  Drone  
  43  4:01  Overlord  
  43  4:06  Hatchery  
  42  4:17  Spore Crawler  
  42  4:19  Drone x3, Spore Crawler  
  42  4:20  Drone x5  
  48  4:30  Roach x2  
  48  4:31  Roach x2  
  56  4:33  Drone x2  
  56  4:34  Drone  
  56  4:38  Extractor x2  
  57  4:39  Extractor  
  57  4:43  Drone  
  57  4:45  Overlord  
  57  4:59  Drone x2  
  58  5:07  Drone  
  58  5:09  Overlord x2  
  58  5:13  Hatchery  
  54  5:30  Drone  
  54  5:32  Drone x2  
  54  5:33  Drone x3  
  58  5:39  Drone x5  
  63  5:43  Drone  
  63  5:47  Drone x2  
  66  5:51  Drone  
  67  6:03  Baneling Nest  
  66  6:06  Drone x3  
  66  6:07  Evolution Chamber, Drone  
  66  6:08  Evolution Chamber  
  66  6:09  Drone x3  
  71  6:15  Drone x2  
  73  6:19  Lair  
  73  6:25  Overlord  
  73  6:27  Drone x3  
  73  6:28  Drone  
  73  6:37  Drone x3  
  73  6:38  Drone x6  
  80  6:42  Drone  
  80  6:45  Drone  
  80  6:47  Drone  
  82  6:49  Drone x2  
  84  6:58  Zerg Ground Armor Level 1, Zerg Melee Weapons Level 1  
  84  7:05  Zergling x2  
  84  7:06  Zergling x22  
  96  7:08  Extractor  
  96  7:09  Extractor  
  96  7:11  Zergling x2  
  96  7:13  Zergling x2  
  96  7:18  Centrifical Hooks  
  96  7:23  Overlord x2  
  96  7:27  Baneling x3  
  96  7:28  Baneling x2  
  96  7:29  Overseer  
  96  7:34  Overlord  
  96  7:49  Glial Reconstitution  
  96  7:53  Hatchery  
  96  7:54  Drone  
  96  7:55  Drone  
  97  7:58  Infestation Pit  
  97  8:03  Roach x5  
  106  8:06  Spire  
  105  8:20  Zergling x2  
  105  8:21  Zergling x28  
  120  8:28  Overlord x3  
  120  8:36  Pneumatized Carapace  
  120  8:37  Overseer x3  
  120  8:41  Baneling x3  
  120  8:42  Baneling x6  
  120  8:43  Baneling  
  120  8:45  Overlord  
  120  8:53  Zerg Ground Armor Level 2, Zerg Melee Weapons Level 2  
  120  8:56  Zergling x26  
  134  9:02  Zergling x2  
  134  9:04  Zergling x8  
  134  9:06  Hive  
  134  9:08  Zergling x8  
  142  9:10  Zergling x2  
  142  9:12  Drone  
  144  9:20  Drone x3  
  144  9:21  Drone x2  
  144  9:22  Drone  
  150  9:30  Baneling x4  
  150  9:32  Overlord x3  
  150  9:35  Extractor  
  150  9:36  Zerg Flyer Weapons Level 1  
  149  9:40  Extractor  
  148  9:48  Roach  
  116  10:03  Mutalisk  
  116  10:04  Mutalisk x14  
  132  10:14  Queen  
  132  10:17  Baneling x2  
  132  10:18  Baneling x6  
  132  10:19  Baneling  
  135  10:21  Zergling x6  
  135  10:22  Zergling x20  
  135  10:25  Zergling x2  
  148  10:28  Baneling x2  
  148  10:29  Baneling x4  
  148  10:40  Zergling x2  
  148  10:41  Zergling x12  
  156  10:50  Zergling x6  
  134  11:05  Zergling x2  
  134  11:06  Zergling x16  
  140  11:17  Zergling x8  
  137  11:27  Baneling x3  
  137  11:28  Baneling x4  
  137  11:32  Ultralisk Cavern, Zergling x2  
  136  11:33  Baneling x3  
  136  11:36  Zergling x2  
  136  11:37  Zergling x18  
  146  11:45  Zerg Ground Armor Level 3  
  146  11:49  Extractor  
  146  11:51  Drone x4  
  147  12:05  Hatchery  
  112  12:17  Zergling x10  
  112  12:18  Zergling x24  
  112  12:22  Baneling  
  113  12:23  Baneling x2  
  113  12:25  Zergling x2  
  114  12:32  Baneling x2  
  114  12:33  Baneling  
  114  12:35  Ultralisk x4  
  114  12:36  Chitinous Plating  
  138  12:45  Ultralisk  
  142  12:56  Ultralisk  
  141  13:01  Ultralisk  
  141  13:04  Overlord x3  
  145  13:11  Overlord  
  145  13:12  Overlord  
  145  13:13  Overlord  
  144  13:20  Drone  
  144  13:21  Drone x7  
  149  13:29  Ultralisk  
  149  13:30  Zergling x2  
  149  13:31  Zergling x2  
  157  13:38  Zergling x6  
  156  13:43  Zergling x6  
  156  13:48  Baneling x4  
  156  13:49  Baneling x2  
  143  13:56  Zergling x4  
  143  13:58  Zergling x2  
  143  14:00  Zergling x12  
  140  14:07  Ultralisk x2  
  144  14:11  Zergling x2  
  144  14:13  Zergling x4  
  144  14:14  Zergling x4  
  149  14:19  Zergling x2  
  149  14:20  Zergling x6  
  149  14:22  Zergling x2  
  152  14:33  Zergling x4  
  152  14:34  Zergling x8  
  152  14:35  Zergling x4  
  125  14:40  Zergling x2  
  125  14:42  Zergling x4  
Show
View Real Time Build Order
Export as new Build Order

MorN Terran - Winner!

Build Orders: Liberator Opening, Reaper Expand, Bio Mine 

Get SALT Encoding   

  12  0:08  SCV  
  13  0:20  SCV  
  14  0:24  Supply Depot  
  14  0:32  SCV  
  15  0:46  SCV, Barracks  
  16  0:50  Refinery  
  16  0:58  SCV  
  17  1:10  SCV  
  18  1:22  SCV  
  19  1:34  Reaper  
  19  1:35  Orbital Command  
  20  1:44  Command Center  
  20  1:54  Supply Depot  
  20  2:02  SCV  
  20  2:06  Reaper  
  22  2:15  SCV  
  23  2:26  Factory  
  23  2:28  SCV  
  24  2:41  Command Center  
  24  2:45  Refinery  
  24  2:48  Barracks Reactor  
  24  2:49  SCV  
  25  2:57  Orbital Command  
  25  3:01  SCV  
  26  3:13  SCV  
  26  3:19  Starport  
  27  3:23  SCV  
  27  3:26  SCV  
  29  3:35  SCV, Barracks Tech Lab, Hellion x2  
  29  3:38  SCV  
  29  3:39  Liberator  
  35  3:53  SCV, Orbital Command  
  35  3:54  SCV  
  37  3:59  Hellion  
  37  4:00  Hellion  
  44  4:05  SCV  
  44  4:06  SCV  
  46  4:11  Marine  
  46  4:13  Stimpack  
  46  4:14  Supply Depot  
  47  4:17  SCV  
  47  4:18  SCV  
  47  4:19  SCV  
  47  4:22  Hellion  
  52  4:24  Hellion  
  52  4:29  SCV, Marine  
  52  4:30  SCV  
  57  4:33  SCV  
  57  4:37  Supply Depot  
  58  4:41  SCV  
  58  4:42  SCV  
  58  4:45  SCV  
  61  4:49  Barracks  
  61  4:57  Factory Reactor, Marauder  
  63  5:06  Supply Depot  
  62  5:08  Bunker  
  62  5:09  Bunker  
  62  5:10  SCV  
  63  5:17  Marine, Liberator  
  64  5:27  Barracks  
  64  5:31  SCV  
  68  5:36  SCV x2  
  67  5:44  SCV, Marauder, Marine x2  
  67  5:47  Supply Depot  
  72  5:50  Factory Tech Lab  
  72  5:52  Refinery  
  72  5:53  SCV x2, Refinery, Engineering Bay  
  72  5:54  Engineering Bay  
  74  6:02  Marine  
  75  6:10  Barracks x2  
  75  6:11  Siege Tank, Marine x2  
  80  6:20  Starport Reactor, Marine  
  80  6:22  Marine x2  
  80  6:23  SCV  
  84  6:29  Marine x2  
  82  6:40  Marine x3  
  82  6:41  Terran Infantry Weapons Level 1, Terran Infantry Armor Level 1  
  82  6:43  Supply Depot  
  85  6:47  Marauder  
  85  6:53  Orbital Command  
  87  6:57  Barracks Reactor x2  
  87  6:58  Marine x2  
  86  7:02  SCV x2  
  86  7:05  Siege Tank  
  91  7:09  Marine, Marauder  
  91  7:14  SCV  
  95  7:16  Factory  
  95  7:17  Command Center  
  95  7:25  Marine x2  
  95  7:27  Marine  
  99  7:30  SCV x2  
  99  7:31  Armory  
  99  7:35  Marine  
  101  7:37  Sensor Tower  
  101  7:38  Supply Depot, Marauder, Marine x3  
  101  7:40  Supply Depot, Siege Tank  
  101  7:41  Supply Depot  
  109  7:52  Supply Depot  
  109  7:53  Supply Depot  
  109  7:54  Supply Depot  
  109  7:59  Marine x6  
  109  8:00  SCV x2  
  109  8:02  SCV, Marauder, Marine  
  121  8:06  Refinery  
  121  8:07  Refinery  
  121  8:08  Marine  
  121  8:11  Factory Reactor  
  122  8:14  SCV, Medivac x2  
  122  8:17  Marine  
  128  8:20  SCV, Barracks  
  128  8:22  Barracks  
  128  8:24  Barracks, Marauder  
  131  8:28  Combat Shields  
  131  8:29  Marine x5  
  131  8:33  SCV x4  
  140  8:37  Marine  
  141  8:44  Medivac x2  
  141  8:45  SCV x3, Marauder  
  141  8:47  Terran Infantry Weapons Level 2  
  150  8:52  Hellion  
  150  8:53  Hellion  
  150  8:54  SCV  
  155  8:58  Terran Infantry Armor Level 2  
  155  8:59  SCV  
  155  9:00  SCV x2  
  158  9:05  Supply Depot  
  158  9:06  Marauder  
  160  9:17  Marine x3  
  160  9:18  Barracks Tech Lab x2  
  160  9:19  Barracks Reactor, Marine  
  164  9:24  Marine x2  
  164  9:26  Refinery  
  164  9:27  Missile Turret  
  164  9:28  Marine x2, Marauder  
  164  9:29  Refinery  
  170  9:33  Widow Mine  
  170  9:35  Marine x2  
  174  9:43  Ghost Academy  
  172  9:46  Marauder, Marine x2  
  172  9:49  Marauder  
  143  10:05  Marauder, Marine x2  
  124  10:07  Marine  
  124  10:08  Marine x5  
  124  10:09  Medivac, Siege Tank, Marauder  
  124  10:11  Marauder  
  124  10:13  Planetary Fortress  
  136  10:18  Marine x2  
  135  10:22  Marine x2, Medivac  
  135  10:23  Widow Mine  
  135  10:26  Supply Depot  
  135  10:27  Marauder  
  143  10:30  Marauder  
  143  10:32  Marine x5, Marauder  
  152  10:39  SCV x2  
  154  10:43  Marine  
  154  10:46  Marine x2  
  154  10:48  Marauder  
  154  10:49  Widow Mine  
  159  10:50  Hellion  
  159  10:51  Marauder  
  159  10:52  Drilling Claws  
  159  10:53  Marauder  
  159  10:56  Marine x2  
  151  11:08  Marine  
  151  11:09  Marine x4  
  151  11:10  Marauder  
  151  11:11  Marine x3  
  147  11:12  Marine  
  147  11:15  Marauder  
  151  11:18  Thor  
  152  11:29  Widow Mine x2  
  152  11:30  Marine x2  
  152  11:31  Marauder  
  153  11:36  Marine x2  
  155  11:43  Command Center  
  155  11:45  Terran Infantry Weapons Level 3  
  155  11:53  Terran Infantry Armor Level 3  
  155  11:57  Widow Mine  
  155  12:00  Marine x2  
  155  12:01  Thor, Marauder x2, Marine x3  
  165  12:18  Marauder, Marine x2  
  165  12:19  Marine x2  
  165  12:22  Marine x2  
  142  12:23  Marine x2, Marauder x2  
  146  12:32  Marine x2  
  146  12:34  Widow Mine x2  
  152  12:40  Marauder  
  152  12:42  Marine x2  
  152  12:43  Marine  
  159  12:44  Marauder x2  
  159  12:50  Marine x2  
  163  12:59  Marine x4  
  163  13:00  Siege Tank  
  163  13:01  Marauder  
  174  13:05  Marauder  
  174  13:06  Marauder  
  174  13:08  Widow Mine x2, Marine x3  
  183  13:18  Command Center  
  177  13:23  Marauder  
  177  13:26  Ghost x2, Marine x3  
  185  13:43  Ghost, Liberator  
  185  13:46  Marine x3  
  185  13:48  Marine x6  
  191  13:55  Ghost x2  
  193  13:58  Marine  
  173  14:03  Marine  
  152  14:12  Siege Tank  
  152  14:13  Marauder  
  157  14:20  Marine x3  
  157  14:21  Marine  
  157  14:22  Marine  
  164  14:24  Marine, Marauder x2  
  164  14:25  Marine x2  
  167  14:33  Ghost  
  159  14:44  Ghost  
  138  14:45  Marauder  
  138  14:52  Marine x3  
Tags
 
Add a new tag
Caveats
  • Supply blocks, unpowered buildings, or Contaminate may cause inaccurate times.
  • Supply counts are checked every 10 seconds.